 Dungeon Crawl Stone Soup version 0.28-a0-258-g8de209e91f (webtiles) character file.

Game seed: 5738046088874810962

18405 snetch the Protected (level 12, -1/110 HPs)
             Began as a Minotaur Berserker on Aug 25, 2021.
             Was an Elder of Trog.
             Slain by a four-headed hydra (9 damage)
             ... on level 11 of the Dungeon on Aug 26, 2021.
             The game lasted 00:48:43 (13383 turns).

snetch the Protected (Minotaur Berserker)          Turns: 13383, Time: 00:48:44

Health: -1/110     AC: 17    Str: 25    XL:     12   Next: 27%
Magic:  11/11      EV: 11    Int:  4    God:    Trog [****..]
Gold:   585        SH:  0    Dex: 12    Spells: 11/11 levels left

rFire   . . .      SeeInvis .   d - +3 scimitar (flame)
rCold   + . .      Faith    .   (no shield)
rNeg    . . .      Spirit   .   L - +2 chain mail {rC+}
rPois   .          Reflect  .   (helmet restricted)
rElec   .          Harm     .   y - scarf {repulsion}
rCorr   +          Rampage  .   (no gloves)
Will    .....                   A - +1 pair of boots
Stlth   ..........              (no amulet)
HPRegen 0.28/turn               s - ring of flight
MPRegen 0.12/turn               q - ring of resist corrosion

@: flying, repel missiles
A: horns 2, retaliatory headbutt
a: Renounce Religion, Berserk, Trog's Hand, Brothers in Arms


You were on level 11 of the Dungeon.
You worshipped Trog.
Trog was greatly pleased with you.
You visited 2 branches of the dungeon, and saw 13 of its levels.
You visited the Abyss 1 time.
You also visited: Sewer.

You collected 649 gold pieces.
You spent 64 gold pieces at shops.

Inventory:

Hand Weapons
 a - the +10 mace of Zostruz {drain, rPois Str+2 Dex+3}
   (You found it on level 6 of the Dungeon)

   A truly terrible weapon, it drains the life of any living foe it strikes.
   Str:       It affects your strength (+2).
   Dex:       It affects your dexterity (+3).
   rPois:     It protects you from poison.
 b - the +6 hunting sling of Peril {speed, rN+ Dex+4}
   (You found it on level 4 of the Dungeon)

   Attacks with this weapon are significantly faster.
   Dex:       It affects your dexterity (+4).
   rN:        It protects you from negative energy.
 c - a +0 broad axe
 d - a +3 scimitar of flaming (weapon)
 W - the +3 short sword of Moxum {spect, rF++ Int-4 Dex+2}
   (You took it off a deep elf pyromancer on level 11 of the Dungeon)

   When its wielder attacks, the weapon's spirit leaps out and strikes again.
   The spirit shares a part of any damage it takes with its wielder.
   Int:       It affects your intelligence (-4).
   Dex:       It affects your dexterity (+2).
   rF:        It greatly protects you from fire.
Missiles
 f - 292 stones
 g - 7 datura-tipped darts
 l - 141 bolts
 r - 100 poisoned darts (quivered)
 t - 321 arrows
 v - 24 sling bullets
 C - 7 atropa-tipped darts
 E - 11 boomerangs
Armour
 p - a +1 cloak
 y - a scarf of repulsion (worn)
 A - a +1 pair of boots (worn)
 L - a +2 chain mail of cold resistance (worn)
 R - a +0 plate armour of fire resistance
Jewellery
 e - a ring of ice
 m - a +6 ring of intelligence
 q - a ring of resist corrosion (right hand)
 s - a ring of flight (left hand)
 M - a ring of poison resistance
 S - a ring of willpower
Wands
 K - a wand of flame (35)
 P - a wand of iceblast (23)
 U - a wand of digging (4)
 X - a wand of acid (8)
 Z - a wand of charming (8)
Scrolls
 h - 2 scrolls of immolation
 i - 4 scrolls of teleportation
 j - 6 scrolls of noise {unknown}
 n - a scroll of fear
 u - 3 scrolls of blinking {unknown}
 x - a scroll of silence
 z - 3 scrolls of amnesia {unknown}
 D - 2 scrolls of fog
 H - 3 scrolls of enchant weapon {unknown}
 J - 2 scrolls of vulnerability {unknown}
 N - a scroll of torment
 O - a scroll of magic mapping
 Q - a scroll of identify
 T - a scroll of enchant armour
Potions
 k - 6 potions of curing
 o - 6 potions of heal wounds {unknown}
 w - 3 potions of might
 B - 2 potions of berserk rage
 F - 2 potions of brilliance {unknown}
 G - 2 potions of cancellation {unknown}
 I - 3 potions of haste {unknown}
 V - a potion of mutation
 Y - a potion of resistance


   Skills:
 + Level 11.1 Fighting
 + Level 5.5(9.7) Axes
 + Level 12.2(12.6) Maces & Flails
 + Level 7.9(8.6) Slings
 - Level 4.8(6.7) Throwing
 + Level 12.5 Armour
 + Level 5.7 Dodging
 + Level 1.8 Stealth
 + Level 0.4 Evocations


You had 11 spell levels left.
You didn't know any spells.
Your spell library contained the following spells:

 Spells                   Type           Power      Damage    Failure   Level
 Animate Skeleton         Necr           0%         N/A       95%         1
 Apportation              Tloc           0%         N/A       95%         1
 Foxfire                  Conj/Fire      0%         2x1d4     95%         1
 Pain                     Necr           0%         1d4       95%         1
 Shock                    Conj/Air       0%         1d3       95%         1
 Ensorcelled Hibernation  Hex/Ice        0%         N/A       98%         2
 Passwall                 Tmut/Erth      0%         N/A       98%         2
 Slow                     Hex            0%         N/A       98%         2
 Call Canine Familiar     Summ           0%         N/A       100%        3
 Confusing Touch          Hex            0%         N/A       100%        3
 Conjure Flame            Conj/Fire      0%         6-21      100%        3
 Gell's Gravitas          Tloc           0%         N/A       100%        3
 Inner Flame              Hex/Fire       0%         N/A       100%        3
 Portal Projectile        Hex/Tloc       0%         N/A       100%        3
 Spider Form              Tmut/Pois      0%         N/A       100%        3
 Swiftness                Air            0%         N/A       100%        3
 Teleport Other           Tloc           0%         N/A       100%        3
 Vampiric Draining        Necr           0%         2d6       100%        3
 Airstrike                Air            0%         N/A       100%        4
 Cause Fear               Hex            0%         N/A       100%        4
 Hailstorm                Conj/Ice       0%         3d3       100%        4
 Ice Form                 Ice/Tmut       0%         N/A       100%        4
 Leda's Liquefaction      Hex/Erth       0%         N/A       100%        4
 Alistair's Intoxication  Tmut/Pois      0%         N/A       100%        5
 Blade Hands              Tmut           0%         N/A       100%        5
 Excruciating Wounds      Necr           0%         N/A       100%        5
 Yara's Violent Unravell  Hex/Tmut       0%         3d3       100%        5
 Dispersal                Tloc           0%         N/A       100%        6
 Invisibility             Hex            0%         N/A       100%        6
 Shadow Creatures         Summ           N/A        N/A       100%        6
 Simulacrum               Ice/Necr       0%         N/A       100%        6
 Discord                  Hex            0%         N/A       100%        8


Dungeon Overview and Level Annotations

Branches:
Dungeon (12/15)            Temple (1/1) D:5            Lair (0/6) D:8
  Sewer (visited)
    Orc: D:9-12

Altars:
Ashenzari
Cheibriados
Dithmenos
Elyvilon
Fedhas
Gozag
Hepliaklqana
Kikubaaqudgha
Makhleb
Nemelex Xobeh
Okawaru
Qazlal
Ru
Sif Muna
Trog
Uskayaw
Vehumet
Wu Jian
Xom
Yredelemnul
Zin
The Shining One

Shops:
D:8 !

Annotations:
D:8 xp pot
D:10 3 runed translucent doors, rabbitsville's ghost, journeyman MiBe


Innate Abilities, Weirdness & Mutations

You have a pair of horns on your head.
You reflexively headbutt those who attack you in melee.


Message History

You bludgeon the efreet!!
You kill the efreet!
Trog accepts your kill.
You can now call in reinforcements.
X - a wand of acid (8)
You see here a +3 scimitar of flaming.
You can't carry that many items.
Drop what? 52/52 slots (_ for help) (? for menu, Esc to quit)
You drop a +3 halberd.
The six-headed hydra roars!
You hear a shout!
d - a +3 scimitar of flaming The six-headed hydra bites you but does no damage. x2
The six-headed hydra bites you. x3
The six-headed hydra closely misses you.
Your +3 scimitar of flaming bursts into flame!
d - a +3 scimitar of flaming (weapon)
You slice one of the six-headed hydra's heads off!
The flame cauterises the wound!
You slice the five-headed hydra!! You burn the five-headed hydra!
You headbutt the five-headed hydra.
The five-headed hydra is moderately wounded.
The five-headed hydra bites you but does no damage. x2
The five-headed hydra completely misses you.
The five-headed hydra barely misses you. x2
The five-headed hydra bites you but does no damage.
The five-headed hydra bites you. x2
* * * LOW HITPOINT WARNING * * *
The five-headed hydra bites you!
* * * LOW HITPOINT WARNING * * *
The five-headed hydra barely misses you.
Press: ? - help, v - describe, . - travel
Here: a five-headed hydra (moderately wounded)
The floor.
You chop one of the five-headed hydra's heads off!
The flame cauterises the wound!
You hit the four-headed hydra. You burn the four-headed hydra.
The four-headed hydra is heavily wounded.
The four-headed hydra bites you!
* * * LOW HITPOINT WARNING * * *
The four-headed hydra bites you but does no damage. x2
The four-headed hydra bites you!
You die... .. .e . ....... #....B. #......# #..#. #.# .(. #....####.# ..# #.........## #Dc

#.........#.#D#
#.........#.@##
#.........#...#
#.........###.###############
#.###..##....................
#............#[#.............
#...##########.##...........#
#.#.# #...#.........#.#
#...## ######...#.^.........#
#....# #....#...#........####


You could see a seven-headed hydra, a four-headed hydra and a centaur.

Vanquished Creatures
  A lich (Abyss:2)
  A fire dragon (D:11)
  A centaur warrior (D:11)
  2 death knights (D:11)
  3 two-headed ogres
  A skeletal warrior (D:11)
  Pikel (D:6)
  A wizard (D:9)
  A deep elf pyromancer (D:11)
  A cyclops (D:10)
  A centaur zombie (D:7)
  An efreet (D:11)
  A yaktaur (D:11)
  Maggie (D:7)
  3 trolls
  Prince Ribbit (D:5)
  A vampire (D:11)
  A wyvern (D:8)
  19 yaks
  A vampire mosquito (D:11)
  An acid dragon (D:9)
  A floating eye (shapeshifter) (D:11)
  2 water moccasins (D:9)
  5 orc warriors
  A necrophage (D:6)
  Purgy (Sewer)
  A black bear (D:6)
  4 starcursed masses (Abyss:2)
  8 centaurs
  A phantom (D:5)
  2 kobold brigands
  2 wyvern zombies (D:7)
  A bullfrog (D:5)
  A scorpion (D:5)
  A water moccasin skeleton (D:4)
  5 wights
  7 killer bees
  5 howler monkeys
  A bullfrog zombie (D:6)
  A quasit (Abyss:2)
  2 bullfrog skeletons
  3 hounds
  2 orc priests (D:7)
  2 jellies
  A centaur skeleton (D:6)
  4 iguanas
  12 orc wizards
  A hound zombie (D:5)
  2 hound skeletons (D:4)
  A howler monkey zombie (D:7)
  11 adders
  An ufetubus (D:7)
  An adder skeleton (D:4)
  3 worms
  2 dart slugs (D:1)
  32 orcs
  8 bats
  8 endoplasms
  7 giant cockroaches
  2 hobgoblins
  5 jackals
  11 kobolds
  4 quokkas
  6 ball pythons
  7 frilled lizards
  11 goblins
  6 rats
249 creatures vanquished.

Vanquished Creatures (others)
  A tengu conjurer (D:11)
1 creature vanquished.

Grand Total: 250 creatures vanquished

Notes
Turn   | Place    | Note
-------+----------+-------------------------------------------
     0 | D:1      | snetch the Minotaur Berserker began the quest for the Orb.
     0 | D:1      | Reached XP level 1. HP: 19/19 MP: 0/0
    95 | D:1      | Reached XP level 2. HP: 26/27 MP: 1/1
   716 | D:2      | Reached XP level 3. HP: 33/33 MP: 2/2
   718 | D:2      | Found a faded altar of an unknown god.
  1175 | D:3      | Reached ** piety under Trog
  1529 | D:3      | Found a burning altar of Makhleb.
  1554 | D:3      | Reached XP level 4. HP: 38/41 MP: 3/3
  1585 | D:3      | Found an ancient bone altar of Kikubaaqudgha.
  2136 | D:4      | Reached skill level 1 in Throwing
  2145 | D:4      | Reached skill level 1 in Maces & Flails
  2145 | D:4      | Reached XP level 5. HP: 16/47 MP: 4/4
  2372 | D:5      | Entered Level 5 of the Dungeon
  2639 | D:5      | Reached XP level 6. HP: 51/53 MP: 5/5
  2640 | D:5      | Reached *** piety under Trog
  2652 | D:5      | Found a glowing drain.
  2658 | Sewer    | Entered a sewer
  2742 | Sewer    | Noticed Purgy
  2756 | Sewer    | Killed Purgy
  2935 | D:4      | Reached skill level 5 in Fighting
  3326 | D:4      | Identified the +6 hunting sling of Peril {speed, rN+ Dex+4}
  3561 | D:5      | Reached XP level 7. HP: 61/61 MP: 6/6
  3762 | D:5      | Noticed Prince Ribbit
  3965 | D:6      | Found a white marble altar of Elyvilon.
  3999 | D:5      | Reached skill level 1 in Slings
  4063 | D:5      | Found a staircase to the Ecumenical Temple.
  4115 | D:5      | Reached skill level 5 in Armour
  4587 | D:6      | Reached skill level 5 in Maces & Flails
  4587 | D:6      | Reached XP level 8. HP: 70/70 MP: 7/7
  4664 | D:6      | Noticed Pikel
  4694 | D:6      | Killed Pikel
  4854 | Temple   | Entered the Ecumenical Temple
  5209 | D:5      | Killed Prince Ribbit
  5486 | D:7      | Reached XP level 9. HP: 79/79 MP: 8/8
  5745 | D:6      | Identified the +10 mace of Zostruz {drain, rPois Str+2
                  | Dex+3}
  5825 | D:7      | Reached **** piety under Trog
  5872 | D:7      | Noticed a two-headed ogre
  5883 | D:7      | Killed a two-headed ogre
  6127 | D:7      | Noticed Maggie
  6137 | D:7      | Killed Maggie
  6159 | D:7      | Identified the +0 scale mail of Kac Meola {rPois Str+4
                  | Slay-3}
  6614 | D:7      | Reached XP level 10. HP: 88/88 MP: 9/9
  6927 | D:8      | Found a staircase to the Lair.
  7116 | D:8      | Found Leunid's Distillery.
  7124 | D:8      | Bought a potion of degeneration for 16 gold pieces
  7124 | D:8      | Bought a potion of curing for 48 gold pieces
  7195 | D:8      | Reached skill level 5 in Axes
  7443 | D:8      | Found an iron altar of Okawaru.
  8032 | D:10     | Entered Level 10 of the Dungeon
  8234 | D:9      | Found a shadowy altar of Dithmenos.
  8645 | D:9      | Reached skill level 5 in Slings
  8646 | D:9      | Reached skill level 10 in Maces & Flails
  8755 | D:9      | Noticed a wizard
  8760 | D:9      | Cast into level 2 of the Abyss (a wizard)
  8845 | Abyss:2  | Noticed a starcursed mass
  8864 | Abyss:2  | Killed a starcursed mass
  8870 | Abyss:2  | Killed a starcursed mass
  8871 | Abyss:2  | Reached skill level 1 in Stealth
  8871 | Abyss:2  | Killed a starcursed mass
  8873 | Abyss:2  | Killed a starcursed mass
  8874 | Abyss:2  | Reached skill level 5 in Dodging
  8881 | Abyss:2  | Noticed a lich
  8899 | Abyss:2  | Killed a lich
  8900 | Abyss:2  | Reached skill level 10 in Armour
  8900 | Abyss:2  | Reached XP level 11. HP: 74/97 MP: 10/10
  8902 | D:9      | Escaped the Abyss
  8907 | D:9      | Killed a wizard
  9909 | D:10     | Noticed a death knight
  9943 | D:10     | Noticed a tengu warrior
 10036 | D:10     | Noticed a two-headed ogre
 10047 | D:10     | Found a runed translucent gate.
 10047 | D:10     | Found a runed translucent gate.
 10047 | D:10     | Noticed a storm dragon
 10048 | D:10     | Found a runed translucent gate.
 10050 | D:10     | Noticed rabbitsville's ghost (journeyman MiBe)
 10362 | D:10     | Found a stormy altar of Qazlal.
 10397 | D:10     | Reached skill level 10 in Fighting
 10862 | D:10     | Noticed a two-headed ogre
 10874 | D:10     | Killed a two-headed ogre
 11207 | D:11     | Noticed a seven-headed hydra
 11207 | D:11     | Noticed a tengu warrior
 11207 | D:11     | Noticed a green ugly thing
 11207 | D:11     | Noticed a red ugly thing
 11209 | D:11     | Noticed a six-headed hydra
 11235 | D:11     | Noticed a centaur warrior
 11250 | D:11     | Killed a centaur warrior
 11616 | D:11     | Upgraded the game from 0.28-a0-247-gb8bfbab023 to
                  | 0.28-a0-258-g8de209e91f
 11697 | D:12     | Noticed a two-headed ogre
 11812 | D:11     | Noticed a death knight
 11841 | D:11     | Killed a death knight
 11909 | D:12     | Killed a two-headed ogre
 11948 | D:11     | Noticed a skeletal warrior
 11948 | D:11     | Noticed a two-headed ogre
 11948 | D:11     | Noticed an orc knight
 11948 | D:11     | Noticed a two-headed ogre
 11951 | D:11     | Noticed a boulder beetle
 11952 | D:11     | Noticed a death knight
 11952 | D:11     | Identified the +3 short sword of Moxum {spect, rF++ Int-4
                  | Dex+2}
 11952 | D:11     | Noticed a deep elf pyromancer
 12331 | D:11     | Noticed a great orb of eyes
 12349 | D:11     | Noticed a fire dragon
 12749 | D:11     | Reached XP level 12. HP: 74/108 MP: 11/11
 12769 | D:11     | Killed a fire dragon
 12872 | D:11     | Killed a death knight
 13383 | D:11     | Slain by a four-headed hydra

Illustrated notes

Levels and vault maps discovered:
D:1:      scummos_arrival_star, layout_basic, st_stairs_12
D:2:      layout_loops_cross, ebering_ecumenical_altar_webs,
          ebering_dispersal_statue_hall
D:3:      minmay_chambers_of_twos, layout_rooms, mainiacjoe_overflow_paths,
          mainiacjoe_overflow_catwalk, due_unseen_surprise
D:4:      layout_basic
D:5:      layout_basic, minmay_temple_entry_trees, gup_sewer_entry_bubbles,
          hangedman_abyss_or_decor_stabs, uniq_prince_ribbit1
D:6:      layout_basic, minmay_ruined_shrine, uniq_pikel
D:7:      layout_rooms, st_stairs_4, kennysheep_minor_cross, uniq_maggie
D:8:      layout_cave_pods, kennysheep_okawaru_gauntlet, lair_entry_dummy,
          serial_shops, nicolae_lakefront_shop
D:9:      layout_loops_ring, nicolae_dithmenos_shadow_blocks, minmay_librarian
D:10:     layout_roguey, nicolae_qazlal_general_emergency, gammafunk_ghost_split
D:11:     minmay_the_grid_square_5x5_4x4_mashed
          [minmay_the_grid_square_5x5_broken_cross,
          minmay_the_grid_square_5x5_hollow_slash,
          minmay_the_grid_square_5x5_comb,
          minmay_the_grid_square_5x5_half_checkered,
          minmay_the_grid_square_5x5_meh,
          minmay_the_grid_square_5x5_prize_pseudospiral,
          minmay_the_grid_square_5x5_prize_open,
          minmay_the_grid_square_5x5_dogpile,
          minmay_the_grid_square_5x5_inner_z,
          minmay_the_grid_square_5x5_prize_open,
          minmay_the_grid_square_5x5_prize_waves,
          minmay_the_grid_square_5x5_bite,
          minmay_the_grid_square_5x5_inverted_slash,
          minmay_the_grid_square_5x5_intrusive_squares,
          minmay_the_grid_square_5x5_six_small,
          minmay_the_grid_square_5x5_doubleslash], layout_stronghold
D:12:     minmay_swirls_squares, layout_small_grid,
          kennysheep_orc_monster_closet_entryway
Temple:   minmay_crystal_spiral_temple

Skill      XL: |  1  2  3  4  5  6  7  8  9 10 11 12 |
---------------+-------------------------------------+-----
Fighting       | 4 5 7 8 9 10 11 | 11.1
Axes           | 4 5 |  5.5
Armour         | 3 4 5 7 9 10 12 | 12.5
Dodging        | 3 4 5 |  5.7
Throwing       | 1 2 3 4 |  4.8
Maces & Flails | 1 2 4 5 7 9 10 11 12 | 12.2
Slings         | 2 6 7 |  7.9
Stealth        | 1 |  1.8
Evocations     | |  0.4

Action                   |  1- 3 |  4- 6 |  7- 9 | 10-12 || total
-------------------------+-------+-------+-------+-------++-------
Melee: Hand axe          |    21 |     4 |       |       ||    25
       Headbutt          |    14 |    20 |    32 |    62 ||   128
       Whip              |    50 |   101 |       |       ||   151
       Flail             |       |    50 |    97 |       ||   147
       Mace              |       |       |    52 |   245 ||   297
       War axe           |       |       |     6 |     1 ||     7
       Scimitar          |       |       |       |     2 ||     2
 Fire: Hunting sling     |       |    15 |     6 |   106 ||   127
Throw: Stone             |    38 |     8 |       |       ||    46
       Dart              |       |    15 |    18 |    32 ||    65
Invok: Berserk           |     1 |       |     4 |     4 ||     9
       Trog's Hand       |       |     2 |     4 |    10 ||    16
Evoke: Wand              |       |       |       |     2 ||     2
  Use: Scroll            |       |       |       |    15 ||    15
       Potion            |       |       |       |     2 ||     2
Armor: Animal skin       |     4 |       |       |       ||     4
       Leather armour    |    10 |       |       |       ||    10
       Chain mail        |    22 |    83 |   129 |   128 ||   362
Dodge: Dodged            |    42 |    81 |   110 |   146 ||   379
       Repelled          |       |       |     1 |     3 ||     4

Table legend: (Time is in decaauts)
 A = Elapsed time spent in this place.
 B = Non-inter-level travel time spent in this place.
 C = Inter-level travel time spent in this place.
 D = Time resting spent in this place.
 E = Time spent auto-exploring this place.
 F = Levels seen in this place.
 G = Mean time per level.
                   A        B        C        D        E       F      G
               +--------+--------+--------+--------+--------+-----+--------+
         Total |  13391 |  12151 |   1240 |    770 |   7484 |  15 |  892.7 |
       Dungeon |  12840 |  11683 |   1157 |    770 |   7313 |  12 | 1070.0 |
        Temple |    211 |    128 |     83 |      0 |    112 |   1 |  211.0 |
         Abyss |    137 |    137 |      0 |      0 |     59 |   1 |  137.0 |
         Sewer |    202 |    202 |      0 |      0 |      0 |   1 |  202.0 |
               +--------+--------+--------+--------+--------+-----+--------+

Top non-repeatable levels by time:
    D:10: 2446 daAuts
     D:5: 1864 daAuts
     D:9: 1456 daAuts
     D:6: 1146 daAuts
     D:8: 1063 daAuts
    D:11: 1055 daAuts
     D:4: 880 daAuts
     D:2: 780 daAuts
     D:7: 733 daAuts
     D:3: 692 daAuts
     D:1: 658 daAuts
  Temple: 211 daAuts
   Sewer: 202 daAuts
 Abyss:2: 137 daAuts
    D:12: 62 daAuts
